AoeStats
← Dantegutsh

Black Forest

509454952Analyzed
3v3 RM · 6d ago on Sep 26, 2026· 13m 13s· 6 players
Game mode
Random Map
Map size
Normal (6 player)
Population
200
Speed
Normal
Resources
Standard
Victory
Conquest
Starting age
Dark Age
Ending age
Imperial Age
RankedLock teamsTeams togetherTeam positionsShared explorationLock speedFull tech treeHidden civsTurbo modeCheats
Victory
Defeat
🇲🇽 Khitans · Mexico
1484
+11
🇲🇽 Cumans · Mexico
1388
+15
🇲🇽 Britons · Mexico
1306
+19
🇲🇽 Cumans · Mexico
1378
-15
🇬🇧 Malay · United Kingdom
1364
-15
🇺🇸 Maya · United States
1363
-15
Fort
1:01 Loom
11:50 Feudal Age
12:50 Double-Bit Axe
luislm6621
6:28 Loom
8:48 Feudal Age
10:39 Town Watch
moron
2:17 Loom
13:30 Feudal Age
Davicho26
1:04 Loom
12:02 Feudal Age
Dantegutsh
7:14 Loom
7:19 Loom
9:21 Feudal Age
Mike
1:29 Loom
11:47 Feudal Age
13:32 Double-Bit Axe
Connection lost

Rejoining the realm…

Still unreachable

The connection could not be restored.

Session expired

The server has moved on; the page needs a fresh start.